 Dungeon Sprint DCSS version 0.30-a0-475-g03497ec522 (webtiles) character file.

Game seed: 1364737124826781556

2 rocky1 the Stinger (level 1, -2/13 HPs)
             Began as a Merfolk Venom Mage on Dec 21, 2022.
             Slain by Jessica
             ... wielding a +0 dagger
              (3 damage)
             ... in the Dungeon (Sprint III: "The Ten Rune Challenge").
             The game lasted 00:01:14 (93 turns).

rocky1 the Stinger (Merfolk Venom Mage)               Turns: 93, Time: 00:01:15

Health: -2/13      AC:  2    Str:  8    XL:     1   Next: 40%
Magic:  1/3        EV: 13    Int: 14    God:
Gold:   0          SH:  0    Dex: 14    Spells: 3/4 levels left

rFire   . . .      SeeInvis .    i - staff of poison
rCold   . . .      Faith    .    (no shield)
rNeg    . . .      Spirit   .    a - +0 robe
rPois   +          Reflect  .    (no helmet)
rElec   .          Harm     .    (no cloak)
rCorr   .          Rampage  .    (no gloves)
Will    .....      NoTele   +    (no boots)
Stlth   ++........               (no amulet)
HPRegen 0.22/turn                (no ring)
MPRegen 0.08/turn                (no ring)

@: very slightly contaminated
A: (nimble swimmer 2), mertail
a: no special abilities


You were in the Dungeon.
You visited 1 branch

Inventory:

Armour
 a - a +0 robe (worn)
Magical Staves
 i - a staff of poison (weapon)
Scrolls
 g - a scroll of blinking
 h - a scroll of poison {unknown}
Potions
 b - 3 potions of magic
 c - a potion of curing
 d - a potion of heal wounds
 e - a potion of haste
 f - a potion of berserk rage


   Skills:
 + Level 0.1 Fighting
 + Level 0.0 Staves
 + Level 3.0 Dodging
 + Level 2.4 Stealth
 + Level 2.2 Spellcasting
 + Level 1.6 Transmutations
 + Level 3.9 Poison Magic
 + Level 0.1 Evocations


You had 3 spell levels left.
You knew the following spells:

 Your Spells              Type           Power      Damage    Failure   Level
a - Sting                 Tmut/Pois      52%        1d5       8%          1

Your spell library contained the following spells:

 Spells                   Type           Power      Damage    Failure   Level
 Poisonous Vapours        Pois/Air       20%        N/A       16%         2
 Mephitic Cloud           Conj/Pois/Air  7%         N/A       38%         3
 Olgreb's Toxic Radiance  Pois           18%        N/A       43%         4


Dungeon Overview and Level Annotations

Branches:
Dungeon (1/1)

Altars:

Annotations:
D Jessica


Innate Abilities, Weirdness & Mutations

((You are very nimble when in or above water. (Stealth+, EV+, Speed+++)))
Your lower body shifts to a powerful aquatic tail in water.


Message History

Jessica the Apprentice Sorceress comes into view.
She is wielding a +0 dagger.
Aiming: Sting (safe; 8% risk of failure)
Press: ? - help, Q - select action Shift-Dir - straight line, f - you
Okay, then.
Aiming: Sting (safe; 8% risk of failure)
Press: ? - help, Q - select action Shift-Dir - straight line, f - Jessica
Aim: Jessica, wielding a +0 dagger and wearing a +0 robe (asleep, 100% to hit)
You feel a surge of power!
You miscast Sting.
You are very lightly contaminated with residual magic.
Nothing appears to happen.
Jessica shouts!
Aiming: Sting (safe; 8% risk of failure)
Press: ? - help, Q - select action Shift-Dir - straight line, f/p - Jessica
Aim: Jessica, wielding a +0 dagger and wearing a +0 robe (71% to hit)
You feel a surge of power!
You miscast Sting.
Nothing appears to happen.
Jessica gestures wildly while chanting.
Jessica blinks!
You don't have enough magic to cast this spell.
You don't have enough magic to cast this spell.
Unknown command.
You hit Jessica.
Jessica is moderately wounded.
Jessica hits you with a +0 dagger.
You hit Jessica but do no damage.
You envenom Jessica.
Jessica is poisoned.
Jessica is heavily wounded.
Jessica hits you with a +0 dagger.
You hit Jessica but do no damage.
Jessica is severely wounded.
Jessica closely misses you. Jessica completely misses you.
You hit Jessica.
Jessica is almost dead.
Jessica barely misses you.
You hit Jessica but do no damage.
Jessica is almost dead.
Jessica hits you with a +0 dagger.
* * * LOW HITPOINT WARNING * * *
You closely miss Jessica.
Jessica is almost dead.
Jessica hits you with a +0 dagger.
You die...

▓▓▓▓▓▓▓▓▓
▓<..#...####
▓...#......##
▓..##.......#
▓##.##.##.@†#
##.##.###@.#
▓#.####.##..#
▓.###..##..##
▓#.....##..#
###..##...#
##..##....#
#..###..##.
#..# #.. #
▓▓▓▓ ▓▓▓


You could see Jessica (poisoned).

Vanquished Creatures
  An endoplasm (D)
  2 rats (D)
3 creatures vanquished.

Notes
Turn   | Place    | Note
-------+----------+-------------------------------------------
     0 | D        | rocky1 the Merfolk Venom Mage began the quest for the Orb.
     0 | D        | Reached XP level 1. HP: 13/13 MP: 3/3
    82 | D        | Noticed Jessica
    93 | D        | Slain by Jessica

Illustrated notes

Levels and vault maps discovered:
D:        dungeon_sprint_mu [sprint_mu_entry_cave, sprint_mu_temple_rooms,
          sprint_mu_d1_horrors, sprint_mu_d2_genie, sprint_mu_d3_branching,
          sprint_mu_orc_legion, sprint_mu_elf_gauntlet, sprint_mu_hive_nellie,
          sprint_mu_lair_fedhas, sprint_mu_vaults_butterflies,
          sprint_mu_slime_circle, sprint_mu_swamp_cave, sprint_mu_shoals_archi,
          sprint_mu_blade_basic, sprint_mu_crypt_chambers,
          sprint_mu_tomb_spiral, sprint_mu_vestibule_basic,
          sprint_mu_gehenna_hellfire, sprint_mu_dis_giant,
          sprint_mu_tartarus_statrot, sprint_mu_cocytus_islands, sprint_mu_zot1]

Skill      XL: |  1 |
---------------+----+-----
Dodging        | 3 |  3.0
Fighting       | |  0.1
Stealth        | |  2.4
Spellcasting   | |  2.2
Transmutations | |  1.6
Poison Magic   | |  3.9
Evocations     | |  0.1

Action                   || total
-------------------------++-------
Melee: Staff             ||     6
 Cast: Sting             ||     5
Dodge: Dodged            ||     3

Table legend: (Time is in decaauts)
 A = Elapsed time spent in this place.
 B = Non-inter-level travel time spent in this place.
 C = Inter-level travel time spent in this place.
 D = Time resting spent in this place.
 E = Time spent auto-exploring this place.
 F = Levels seen in this place.
 G = Mean time per level.
                   A        B        C        D        E       F      G
               +--------+--------+--------+--------+--------+-----+--------+
         Total |     93 |     93 |      0 |     32 |     15 |   1 |   93.0 |
       Dungeon |     93 |     93 |      0 |     32 |     15 |   1 |   93.0 |
               +--------+--------+--------+--------+--------+-----+--------+

Top non-repeatable levels by time:
       D: 93 daAuts
